 Dungeon Crawl Stone Soup version 0.25.0-9-g26727b657a (webtiles) character file.

Game seed: 7293819069811919269

8837 Lanoc the Frost Mage (level 11, -6/54 HPs)
             Began as a Kobold Ice Elementalist on June 16, 2020.
             Was a High Priest of Ru.
             Killed by miscasting Hailstorm (16 damage)
             ... on level 11 of the Dungeon.
             The game lasted 00:29:42 (13783 turns).

Lanoc the Frost Mage (Kobold Ice Elementalist)     Turns: 13783, Time: 00:29:43

Health: -6/54      AC:  9    Str:  2 (5)  XL:     11   Next: 63%
Magic:  7/15       EV: 19    Int: 18 (21) God:    Ru [*****.]
Gold:   543        SH:  5    Dex: 15 (17) Spells: 2/16 levels left

rFire    . . .     SeeInvis .   w - +2 whip (flame)
rCold    x . .     Gourm    .   (shield restricted)
rNeg     . . .     Faith    .   y - +1 leather armour {rF+}
rPois    .         Spirit   .   (helmet restricted)
rElec    .         Reflect  +   (no cloak)
rCorr    .         Harm     .   (no gloves)
MR       .....                  (no boots)
Stlth    ..........             r - amulet of reflection
HPRegen  0.18/turn              p - +4 ring of slaying
MPRegen  0.14/turn              (no ring)

@: icy armour, very slightly contaminated
A: small, antennae 1, carnivore, clever 1, deformed body, deterioration 1, no
stealth, inability to use devices, temperature sensitive
a: Draw Out Power, Power Leap, Apocalypse, Renounce Religion


You were on level 11 of the Dungeon.
You worshipped Ru.
Ru was extremely pleased with you.
You were not hungry.

You visited 1 branch of the dungeon, and saw 11 of its levels.

You collected 543 gold pieces.

Inventory:

Hand Weapons
 w - a +2 whip of flaming (weapon)
Armour
 y - a +1 leather armour of fire resistance (worn)
Magical Staves
 t - an uncursed staff of conjuration
Jewellery
 p - a +4 ring of slaying (left hand)
 r - an amulet of reflection (around neck)
Scrolls
 a - a scroll of remove curse
 b - 4 scrolls of teleportation
 e - 14 scrolls of identify
 g - 3 scrolls of enchant armour
 i - a scroll of magic mapping
Potions
 d - a potion of heal wounds
 l - 2 potions of brilliance
 m - a potion of curing
 n - 2 potions of flight
 o - a potion of haste
 s - 3 potions of stabbing
 v - a potion of lignification
 z - 5 potions of degeneration
Comestibles
 c - 28 rations


   Skills:
 + Level 11.9 Dodging
 - Level 3.0 Spellcasting
 * Level 14.0 Ice Magic


You had 2 spell levels left.
You knew the following spells:

 Your Spells              Type           Power        Failure   Level  Hunger
a - Hailstorm             Conj/Ice       ####....     21%         4    ####...
b - Frozen Ramparts       Ice            ######       1%          3    ###....
c - Ozocubu's Armour      Chrm/Ice       ####....     6%          3    ###....
d - Summon Ice Beast      Ice/Summ       ####....     21%         4    ####...

Your spell library contained the following spells:

 Spells                   Type           Power        Failure   Level  Hunger
 Freeze                   Ice            ####         1%          1    None
 Shock                    Conj/Air       #...         36%         1    None
 Swiftness                Chrm/Air       #.......     50%         2    ##.....
 Static Discharge         Conj/Air       #.......     73%         3    ###....
 Airstrike                Air            #.........   98%         4    ####...
 Lightning Bolt           Conj/Air       #.........   100%        5    ######.


Dungeon Overview and Level Annotations

Branches:
Dungeon (11/15)            Temple (0/1) D:4            Lair (0/6) D:10
    Orc: D:9-12

Altars:
Ashenzari
Hepliaklqana
Ru
Sif Muna
Trog
Vehumet
Xom

Portals:
Trove: D:11 (give 5 scrolls of fog)


Innate Abilities, Weirdness & Mutations

You are small and have problems with some larger weapons.
You are carnivorous and can eat meat at any time.
You cannot be stealthy.
You cannot study or use magical devices.
You are sensitive to extremes of temperature. (rF-, rC-)
You have a pair of small antennae on your head.
Your mind is acute. (Int +2)
Armour fits poorly on your strangely shaped body.
Your body sometimes deteriorates upon taking damage.


Message History

Your body deteriorates!
You feel dopey.
You barely miss the centaur.
The centaur is moderately wounded.
You block the centaur's attack.
You barely miss the centaur.
The centaur is lightly wounded.
You block the centaur's attack. The centaur completely misses you.
You hit the centaur. You burn the centaur.
The centaur is moderately wounded.
The centaur closely misses you. You block the centaur's attack.
Casting: Frozen Ramparts (safe; 1% risk of failure)
Confirm with . or Enter, or press ? or * to list all spells.
A film of ice covers your body! The centaur misses you.
Casting: Ozocubu's Armour (dangerous; 6% risk of failure)
Confirm with . or Enter, or press ? or * to list all spells.
The spell is quite dangerous to cast (21% risk of failure)!
Continue anyway?
You miscast Hailstorm.
You are very lightly contaminated with residual magic.
Energy rips through your body!
You die...

#...# #. #...### #...
#..... #... #....
###...####...
.........(..#
..........(O#
..........()#
..........)@####
.......(..c))).....
........(....(.....
...................
#........$(...(.######.
#...............#
#...............#
#...............######..
#.......................


You could see an ogre and a centaur.

Vanquished Creatures
  Pikel (D:6)
  A manticore (D:11)
  Psyche (D:9)
  2 komodo dragons (D:10)
  A troll (D:10)
  2 slime creatures (D:9)
  A hippogriff (D:8)
  5 wyverns
  Eustachio (D:6)
  Grum (D:9)
  A hungry ghost (D:11)
  An acid dragon (D:10)
  A water moccasin (D:7)
  3 orc warriors
  A sky beast (D:8)
  A black bear (D:7)
  2 ice beasts
  2 phantoms
  8 ogres
  2 slaves (D:6)
  3 wolves (D:9)
  7 centaurs
  An eye of draining (D:10)
  A crocodile (D:8)
  2 big kobolds
  8 bullfrogs
  A gnoll sergeant (D:7)
  3 scorpions
  9 killer bees
  4 wights (D:9)
  A howler monkey (D:4)
  2 quasits
  6 orc priests
  3 hounds
  A jelly (D:7)
  3 bullfrog zombies
  4 orc wizards
  2 centaur skeletons
  4 iguanas
  6 worker ants
  A hound zombie (D:8)
  4 gnolls (D:7)
  A howler monkey skeleton (D:10)
  15 adders
  2 shadow imps (D:7)
  An adder zombie (D:7)
  3 worms
  2 dart slugs (D:1)
  2 leopard geckos
  43 orcs
  2 ball pythons
  9 bats
  3 giant cockroaches
  3 hobgoblins
  10 jackals
  8 quokkas
  7 frilled lizards
  10 goblins
  A jackal skeleton (D:5)
  A jackal zombie (D:8)
  13 kobolds
  9 rats
259 creatures vanquished.

Vanquished Creatures (others)
  2 slaves (D:6)
  A big kobold (D:10)
  A howler monkey (D:11)
  2 worker ants (D:6)
  A plant (D:10)
7 creatures vanquished.

Grand Total: 266 creatures vanquished

Notes
Turn   | Place    | Note
-------+----------+-------------------------------------------
     0 | D:1      | Lanoc the Kobold Ice Elementalist began the quest for the
                  | Orb.
     0 | D:1      | Reached XP level 1. HP: 10/10 MP: 3/3
   212 | D:1      | Reached XP level 2. HP: 12/15 MP: 3/5
   686 | D:1      | Reached XP level 3. HP: 18/19 MP: 4/6
   691 | D:1      | Learned a level 3 spell: Frozen Ramparts
  1295 | D:2      | Found a bloodstained altar of Trog.
  1931 | D:2      | Found a sacrificial altar of Ru.
  2247 | D:2      | Became a worshipper of Ru the Awakened
  2409 | D:3      | Reached XP level 4. HP: 24/24 MP: 4/8
  2847 | D:3      | Reached skill level 5 in Ice Magic
  3000 | D:3      | Learned a level 3 spell: Ozocubu's Armour
  3188 | D:3      | Gained mutation: You are sensitive to extremes of
                  | temperature. (rF-, rC-) [Ru sacrifice]
  3188 | D:3      | Reached * piety under Ru
  3188 | D:3      | Reached ** piety under Ru
  3239 | D:3      | Reached XP level 5. HP: 28/28 MP: 5/9
  3504 | D:4      | Found a staircase to the Ecumenical Temple.
  3586 | D:4      | Found a hazy altar of Hepliaklqana.
  3676 | D:4      | Reached XP level 6. HP: 31/32 MP: 6/10
  3895 | D:4      | Noticed an ogre
  3906 | D:4      | Killed an ogre
  3906 | D:4      | Reached skill level 6 in Ice Magic
  4369 | D:5      | Entered Level 5 of the Dungeon
  4371 | D:5      | Noticed an ogre
  4373 | D:5      | Reached XP level 7. HP: 27/36 MP: 11/11
  4385 | D:5      | Reached skill level 5 in Dodging
  4516 | D:5      | Reached skill level 7 in Ice Magic
  5179 | D:6      | Reached XP level 8. HP: 38/41 MP: 10/12
  5245 | D:6      | Noticed Pikel
  5256 | D:6      | Killed Pikel
  5256 | D:6      | Reached skill level 8 in Ice Magic
  5529 | D:6      | Gained mutation: You cannot study or use magical devices.
                  | [Ru sacrifice]
  5529 | D:6      | Reached *** piety under Ru
  5529 | D:6      | Reached **** piety under Ru
  5529 | D:6      | Reached ***** piety under Ru
  5673 | D:6      | Reached skill level 9 in Ice Magic
  6056 | D:6      | Reached XP level 9. HP: 35/45 MP: 9/13
  6385 | D:6      | Noticed Eustachio
  6422 | D:6      | Killed Eustachio
  6422 | D:6      | Reached skill level 10 in Ice Magic
  7509 | D:7      | Found a radiant altar of Vehumet.
  8114 | D:7      | Reached skill level 11 in Ice Magic
  8586 | D:7      | Reached XP level 10. HP: 38/50 MP: 10/14
  8994 | D:8      | Found a shattered altar of Ashenzari.
  9000 | D:8      | Found a shimmering altar of Xom.
  9000 | D:8      | Found a shimmering blue altar of Sif Muna.
  9134 | D:8      | Gained mutation: You cannot be stealthy. [Ru sacrifice]
  9809 | D:9      | Found a transporter.
  9812 | D:9      | Found a transporter.
  9818 | D:9      | Reached skill level 10 in Dodging
  9828 | D:9      | Noticed Grum
 10103 | D:9      | Noticed Psyche
 10106 | D:9      | Reached skill level 12 in Ice Magic
 10109 | D:9      | Killed Psyche
 10393 | D:9      | Killed Grum
 11228 | D:9      | Reached XP level 11. HP: 31/54 MP: 4/15
 11382 | D:10     | Entered Level 10 of the Dungeon
 11559 | D:10     | Reached skill level 13 in Ice Magic
 12386 | D:10     | Found a staircase to the Lair.
 13191 | D:11     | Noticed a white ugly thing
 13220 | D:10     | Learned a level 4 spell: Hailstorm
 13225 | D:10     | Learned a level 4 spell: Summon Ice Beast
 13246 | D:11     | Noticed a manticore
 13269 | D:11     | Gained mutation: Your body sometimes deteriorates upon
                  | taking damage. [potion of mutation]
 13269 | D:11     | Gained mutation: You have a pair of small antennae on your
                  | head. [potion of mutation]
 13269 | D:11     | Gained mutation: Armour fits poorly on your strangely
                  | shaped body. [potion of mutation]
 13269 | D:11     | Gained mutation: Your mind is acute. (Int +2) [potion of
                  | mutation]
 13285 | D:11     | Killed a manticore
 13706 | D:11     | Found a portal to a secret trove of treasure.
 13772 | D:11     | Reached skill level 14 in Ice Magic
 13783 | D:11     | Killed by miscasting Hailstorm

Illustrated notes

Levels and vault maps discovered:
D:1:      dpeg_arrival_tiny_g, layout_basic, serial_forest,
          infiniplex_forest_clump_long, infiniplex_forest_pool,
          infiniplex_forest_clump_medium, infiniplex_forest_lined_2,
          infiniplex_forest_clump_small, infiniplex_forest_clump_long,
          infiniplex_forest_lined_2, infiniplex_forest_clump_double,
          infiniplex_forest_lined_room_3, infiniplex_forest_zigzag_1
D:2:      layout_basic, lemuel_round_altar, trog_three_pillars_becter
D:3:      layout_basic, kennysheep_generic_room_13
D:4:      wad_lake_hut, layout_basic, lemuel_doored_altar,
          minmay_temple_entry_arrows
D:5:      layout_rooms, first_ration, hex_intersection,
          small_statue_intersection
D:6:      layout_layer_cave, uniq_eustachio, uniq_pikel
D:7:      layout_basic, kennysheep_mini
D:8:      layout_loops_ring, grunt_temple_overflow_open
D:9:      gammafunk_jiyva_shrine, layout_rooms, uniq_grum, uniq_psyche
D:10:     layout_loops_ring, erik_lair_dragon, blue_anna_alchemist
          [blue_anna_fruit_fields, blue_anna_fruit_fields], roderic_filled_cross
D:11:     layout_small_grid, nicolae_trove_entry_crystal, water_boxes_lemuel

Skill      XL: |  1  2  3  4  5  6  7  8  9 10 11 |
---------------+----------------------------------+-----
Dodging        | 3 4 5 7 9 10 11 | 11.9
Ice Magic      | 5 6 7 9 11 12 14 | 14.0
Spellcasting   | 3 |  3.0
Stealth        | 0 |  0.0

Action                   |  1- 3 |  4- 6 |  7- 9 | 10-12 || total
-------------------------+-------+-------+-------+-------++-------
Melee: Unarmed           |    22 |    15 |       |       ||    37
       Mace              |       |    30 |    58 |       ||    88
       Whip              |       |       |   112 |   200 ||   312
       Staff             |       |       |       |    43 ||    43
 Cast: Freeze            |    45 |    27 |       |       ||    72
       Frozen Ramparts   |     2 |    11 |    35 |    58 ||   106
       Ozocubu's Armour  |       |       |       |     7 ||     7
Invok: Sacrifice Resista |       |     1 |       |       ||     1
       Sacrifice Artific |       |       |     1 |       ||     1
       Power Leap        |       |       |       |     1 ||     1
       Sacrifice Stealth |       |       |       |     1 ||     1
       Reject Sacrifices |       |       |       |     1 ||     1
  Use: Scroll            |       |       |       |    17 ||    17
       Potion            |       |       |       |    11 ||    11
 Stab: Sleeping          |     2 |     1 |     3 |       ||     6
       Distracted        |       |       |     3 |     3 ||     6
       Paralysed         |       |       |     1 |       ||     1
       Invisible         |       |       |       |     2 ||     2
  Eat: Chunk             |    13 |     8 |    15 |    20 ||    56
Armor: Robe              |    11 |     3 |     3 |       ||    17
       Leather armour    |       |       |     4 |    17 ||    21
       Skin              |       |       |       |     7 ||     7
Dodge: Dodged            |    50 |    49 |   140 |   195 ||   434
Block: Other             |       |       |    47 |    37 ||    84
       Reflection        |       |       |       |     3 ||     3
